 Dungeon Crawl Stone Soup version 0.30-a0-390-g80c34de65d (webtiles) character file.

Game seed: 6593133889505222928

702 arthad the Changer (level 7, -1/46 HPs)
             Began as an Octopode Transmuter on Dec 4, 2022.
             Slain by an ice beast (9 damage)
             ... on level 5 of the Dungeon.
             The game lasted 00:11:23 (3413 turns).

arthad the Changer (Octopode Transmuter)            Turns: 3413, Time: 00:11:24

Health: -1/46      AC:  1    Str: 10    XL:     7   Next: 66%
Magic:  12/12      EV: 14    Int: 17    God:
Gold:   176        SH:  0    Dex: 12    Spells: 10/13 levels left

rFire   . . .      SeeInvis .      - Unarmed
rCold   . . .      Faith    .    (no shield)
rNeg    . . .      Spirit   .    (helmet currently unavailable)
rPois   .          Reflect  .    (no amulet)
rElec   .          Harm     .    (no ring)
rCorr   .          Rampage  .    (no ring)
Will    .....                    (no ring)
Stlth   +++.......               (no ring)
HPRegen 0.27/turn                (no ring)
MPRegen 0.13/turn                (no ring)
                                 (no ring)
                                 (no ring)

@: appendages
A: tentacle spike 3, almost no armour, amphibious, 8 rings, camouflage 1,
gelatinous body 1, (nimble swimmer 1), tentacles
a: End Transformation


You were on level 5 of the Dungeon.
One of your tentacles had grown a beastly spike.
You visited 1 branch of the dungeon, and saw 6 of its levels.

You collected 286 gold pieces.
You spent 110 gold pieces at shops.

Inventory:

Hand Weapons
 k - a +1 dagger of draining
 s - a +0 rapier
 w - a +0 whip of draining
Missiles
 p - 4 curare-tipped darts
 t - a throwing net
Magical Staves
 d - a staff of conjuration
 r - a staff of fire
Jewellery
 o - an amulet of magic regeneration
Wands
 x - a wand of paralysis (8)
Scrolls
 b - a scroll of noise
 f - a scroll of summoning {unknown}
 g - 2 scrolls of magic mapping
 h - 4 scrolls of blinking {unknown}
 j - 2 scrolls of teleportation {unknown}
 n - a scroll of torment {unknown}
 u - 3 scrolls of fog {unknown}
 y - a scroll of enchant weapon {unknown}
Potions
 a - a potion of mutation {unknown}
 e - 3 potions of haste {unknown}
 i - a potion of magic {unknown}
 l - 2 potions of degeneration {unknown}
 m - a potion of attraction {unknown}
 q - a potion of brilliance {unknown}
 v - a potion of flight {unknown}


   Skills:
 + Level 3.1 Fighting
 + Level 3.5 Dodging
 + Level 4.0 Stealth
 + Level 4.2 Unarmed Combat
 * Level 3.9 Spellcasting
 * Level 4.2 Transmutations


You had 10 spell levels left.
You knew the following spells:

 Your Spells              Type           Power      Damage    Failure   Level
a - Beastly Appendage     Tmut           34%        N/A       2%          1
b - Wereblood             Tmut           17%        N/A       4%          2

Your spell library contained the following spells:

 Spells                   Type           Power      Damage    Failure   Level
 Necrotise                Necr           12%        1d4       16%         1
 Spider Form              Tmut/Pois      10%        N/A       21%         3
 Dazzling Flash           Conj/Hex       6%         N/A       43%         3
 Ice Form                 Ice/Tmut       10%        N/A       54%         4
 Iskenderun's Mystic Bla  Conj/Tloc      3%         2d3       85%         4
 Starburst                Conj/Fire      1%         6d3       100%        6
 Malign Gateway           Summ/Tloc      1%         N/A       100%        7
 Summon Horrible Things   Summ           1%         N/A       100%        8


Dungeon Overview and Level Annotations

Branches:
Dungeon (6/15)
 Temple: D:4-7

Altars:
Sif Muna

Shops:
D:1 *![[   D:2 (   D:3 (   D:4 *:


Innate Abilities, Weirdness & Mutations

One of your tentacles has grown a beastly spike.
You cannot wear most types of armour.
You are amphibious.
You can wear up to eight rings at the same time.
Your skin changes colour to match your surroundings (Stealth+).
Your rubbery body absorbs attacks. (AC +1, EV +1)
((You are camouflaged when in or above water. (Stealth+)))
You have tentacles for arms and can constrict up to eight enemies at once.


Message History

You kill the orc!
Your Stealth skill increases to level 4!
No target in view!
Things that are here:
a +0 dagger; a +0 leather armour; an orc corpse You howl as the wereblood boils in your veins!
j - 2 scrolls labelled BEMAME GADISON (gained 1)
You howl as the wereblood boils in your veins!
You howl as the wereblood boils in your veins!
Your primal bloodlust is almost over.
Your transformation is almost over.
Magic restored.
Your primal bloodlust has ended.
Found 3 boomerangs.
Your tentacle spike disappears.
An ice beast comes into view.
Casting: Beastly Appendage (safe; 2% risk of failure)
Press: ? - help, Q - select action, (/) - cycle Dir - look around, f - activate One of your tentacles grows a vicious spike.
You closely miss the ice beast.
You pierce the ice beast.
The ice beast is lightly wounded.
The ice beast hits you. The ice beast freezes you!
You closely miss the ice beast.
Your tentacle-slap misses the ice beast.
The ice beast is lightly wounded.
The ice beast hits you. The ice beast freezes you!
You are too injured to fight recklessly!
As you read the scroll labelled YSIMMI HEIVEKE, it crumbles to dust.
You hear a loud clanging noise!
It was a scroll of noise.
The ice beast misses you.
The air fills with toxic fumes!
As you read the scroll labelled WOOPPUISTRI, it crumbles to dust.
It was a scroll of poison.
The ice beast hits you. The ice beast freezes you!
* * * LOW HITPOINT WARNING * * *
As you read the scroll labelled XIEBUE USEPA, it crumbles to dust.
You feel aware of your surroundings.
It was a scroll of magic mapping.
The ice beast hits you.
* * * LOW HITPOINT WARNING * * *
The ice beast freezes you!
You die...

######......#.#.....##....
#.§§...#,#.....##....
#.§§...#,#.....##...#
###§####,#.....##....
##§####,#.....##...#
#§§§§§#,#.....##....
#§§§§§#§#.....##...#
#§§§§§§§#.....###.#.
#§§@§§###.....# #.##
#§§Y§§# #.....# #.#.
#§§§§§# ####### #.##
#§§§§§# #... #§§§§§# ####
#§§§§§# #§§§§§# #§§§§§#
*,,,,,*


You could see an ice beast.

Vanquished Creatures
  An ogre (D:5)
  A centaur (D:6)
  2 scorpions (D:5)
  A necrophage (D:6)
  4 hounds
  An orc wizard (D:6)
  9 gnolls
  4 adders
  A shadow imp (D:5)
  An ufetubus (D:4)
  2 dart slugs
  3 orcs
  4 endoplasms
  6 giant cockroaches
  7 goblins
  9 hobgoblins
  4 jackals (D:3)
  3 kobolds
  3 quokkas
  7 ball pythons
  5 bats
  5 frilled lizards
  7 rats
90 creatures vanquished.

Notes
Turn   | Place    | Note
-------+----------+-------------------------------------------
     0 | D:1      | arthad the Octopode Transmuter began the quest for the Orb.
     0 | D:1      | Reached XP level 1. HP: 13/13 MP: 3/3
    50 | D:1      | Found Saon's Armour Emporium.
    57 | D:1      | Reached XP level 2. HP: 15/18 MP: 3/5
   147 | D:1      | Learned a level 2 spell: Wereblood
   166 | D:1      | Found Alocumut's Armour Shoppe.
   260 | D:1      | Reached XP level 3. HP: 21/23 MP: 6/6
   311 | D:1      | Found Pyt Keim's Distillery.
   330 | D:1      | Bought a potion of curing for 30 gold pieces
   330 | D:1      | Bought a potion of heal wounds for 50 gold pieces
   330 | D:1      | Bought a potion of curing for 30 gold pieces
   370 | D:1      | Reached skill level 1 in Stealth
   380 | D:1      | Found Kosch's General Store.
   723 | D:2      | Found a faded altar of an unknown god.
   728 | D:2      | Got Plato's Octavo of Sinister Rituals
   879 | D:2      | Found Syrhi's Antique Weapon Shop.
  1359 | D:3      | Reached XP level 4. HP: 29/29 MP: 7/7
  1866 | D:3      | Found Xiezav's Weapon Shop.
  2053 | D:4      | Found Fufost's Book Emporium.
  2067 | D:4      | Reached XP level 5. HP: 22/34 MP: 6/9
  2172 | D:4      | Found Lureiny's Elemental Accessories.
  2195 | D:4      | Found a shimmering blue altar of Sif Muna.
  2295 | D:4      | Reached XP level 6. HP: 11/41 MP: 7/10
  2564 | D:5      | Entered Level 5 of the Dungeon
  2836 | D:6      | HP: 1/41 [centaur (3)]
  2840 | D:6      | Reached XP level 7. HP: 8/45 MP: 9/12
  3105 | D:4      | HP: 2/46 [poisoned by an adder]
  3110 | D:4      | HP: 2/46 [adder (3)]
  3413 | D:5      | Slain by an ice beast

Illustrated notes

Levels and vault maps discovered:
D:1:      saegor_arrival_miasma, layout_rooms, serial_shops,
          nicolae_shop_advertising_works [nicolae_subvault_shop_adworks],
          nicolae_shop_statue_plus, nicolae_shop_stone, shop
D:2:      layout_loops_ring, shapermc_ecumenical_altar_rom_forum, serial_shops,
          nicolae_shop_statue_plus
D:3:      layout_loops_ring, serial_shops, nicolae_square_shop
D:4:      layout_rooms, mainiacjoe_overflow_brackets, serial_shops,
          nicolae_shop_temple_entry_statues_fountains, nicolae_elemental_shop
D:5:      layout_basic, st_stairs_4, minmay_misc_feat_more_columns,
          minmay_misc_feat_cross
D:6:      layout_basic, mainiacjoe_overflow_cross_hatched,
          mainiacjoe_overflow_catwalk_spiral

Skill      XL: |  1  2  3  4  5  6  7 |
---------------+----------------------+-----
Stealth        | 1 2 3 4 |  4.0
Fighting       | 2 3 |  3.1
Transmutations | 3 4 |  4.2
Spellcasting   | 3 |  3.9
Dodging        | 3 |  3.5
Unarmed Combat | 4 |  4.2

Action                   |  1- 3 |  4- 6 |  7- 9 || total
-------------------------+-------+-------+-------++-------
Melee: Unarmed           |    92 |   116 |    29 ||   237
       Constrict         |    26 |    28 |     5 ||    59
       Tentacles         |    18 |    23 |     8 ||    49
       Punch             |     3 |     3 |     1 ||     7
       Kick              |    15 |    32 |     9 ||    56
 Cast: Beastly Appendage |    10 |     7 |     5 ||    22
       Wereblood         |     1 |     2 |     2 ||     5
  Use: Potion            |     1 |     2 |     3 ||     6
       Scroll            |       |       |     3 ||     3
 Stab: Sleeping          |     9 |     2 |       ||    11
       Distracted        |     1 |     1 |       ||     2
Armor: Skin              |     6 |     3 |     2 ||    11
Dodge: Dodged            |    49 |    80 |    22 ||   151

Table legend: (Time is in decaauts)
 A = Elapsed time spent in this place.
 B = Non-inter-level travel time spent in this place.
 C = Inter-level travel time spent in this place.
 D = Time resting spent in this place.
 E = Time spent auto-exploring this place.
 F = Levels seen in this place.
 G = Mean time per level.
                   A        B        C        D        E       F      G
               +--------+--------+--------+--------+--------+-----+--------+
         Total |   3397 |   3262 |    135 |    561 |   1918 |   6 |  566.2 |
       Dungeon |   3397 |   3262 |    135 |    561 |   1918 |   6 |  566.2 |
               +--------+--------+--------+--------+--------+-----+--------+

Top non-repeatable levels by time:
     D:3: 776 daAuts
     D:2: 766 daAuts
     D:4: 651 daAuts
     D:1: 551 daAuts
     D:5: 371 daAuts
     D:6: 281 daAuts
